 Dungeon Crawl Stone Soup version 0.29-a0-106-g0a07039d5a (webtiles) character file.

Game seed: 3861833539774325246

451 being54 the Poker (level 7, -10/59 HPs)
             Began as a Gnoll Cinder Acolyte on Feb 16, 2022.
             Was a High Priest of Ignis.
             Mangled by a wyvern zombie (11 damage)
             ... on level 4 of the Dungeon.
             The game lasted 00:08:37 (3336 turns).

being54 the Poker (Gnoll Cinder Acolyte)            Turns: 3336, Time: 00:08:37

Health: -10/59     AC:  9    Str: 15    XL:     7   Next: 4%
Magic:  12/12      EV:  6    Int: 13    God:    Ignis [*****.]
Gold:   187        SH:  0    Dex:  8    Spells: 13/13 levels left

rFire   + . .      SeeInvis +   j - +3 hand axe
rCold   . . .      Faith    .   (no shield)
rNeg    . . .      Spirit   .   c - +0 chain mail
rPois   .          Reflect  .   (no helmet)
rElec   .          Harm     .   l - scarf {+Inv}
rCorr   .          Rampage  .   e - +0 pair of gloves
Will    .....                   (no boots)
Stlth   ..........              (no amulet)
HPRegen 0.19/turn               i - ring of see invisible
MPRegen 0.13/turn               (no ring)

@: no status effects
A: fangs 1, strong nose, distributed training
a: Renounce Religion, Evoke Invisibility, Fiery Armour, Foxfire Swarm, Rising
Flame


You were on level 4 of the Dungeon.
You worshipped Ignis.
Ignis was extremely pleased with you.
You visited 1 branch of the dungeon, and saw 4 of its levels.
You also visited: Sewer.

You collected 187 gold pieces.

Inventory:

Hand Weapons
 j - a +3 hand axe (weapon)
Missiles
 b - 17 bolts
 f - 16 arrows
Armour
 c - a +0 chain mail (worn)
 e - a +0 pair of gloves (worn)
 l - a scarf of invisibility (worn)
Magical Staves
 h - a staff of earth
Jewellery
 i - a ring of see invisible (left hand)
Wands
 p - a wand of paralysis (2)
 r - a wand of polymorph (9)
Scrolls
 n - a scroll of fear
 q - 2 scrolls of fog {unknown}
Potions
 a - a potion of brilliance
 d - 2 potions of heal wounds
 g - 2 potions of might
 k - 3 potions of curing {unknown}
 m - a potion of attraction {unknown}
 o - a potion of cancellation {unknown}
 s - a potion of haste {unknown}


   Skills:
 + Level 6.9 Fighting
 + Level 2.2 Short Blades
 + Level 2.2 Long Blades
 + Level 2.2 Axes
 + Level 2.2 Maces & Flails
 + Level 6.9 Polearms
 + Level 2.2 Staves
 + Level 2.2 Slings
 + Level 2.2 Bows
 + Level 2.2 Crossbows
 + Level 2.2 Throwing
 + Level 2.2 Armour
 + Level 2.2 Dodging
 + Level 2.2 Stealth
 + Level 2.2 Shields
 + Level 2.2 Unarmed Combat
 + Level 3.6 Spellcasting
 + Level 1.8 Conjurations
 + Level 1.8 Hexes
 + Level 1.8 Summonings
 + Level 1.8 Necromancy
 + Level 1.8 Translocations
 + Level 1.8 Transmutations
 + Level 5.7 Fire Magic
 + Level 1.8 Ice Magic
 + Level 1.8 Air Magic
 + Level 1.8 Earth Magic
 + Level 1.8 Poison Magic
 + Level 2.4 Invocations
 + Level 2.2 Evocations


You had 13 spell levels left.
You didn't know any spells.
Your spell library contained the following spells:

 Spells                   Type           Power      Damage    Failure   Level
 Scorch                   Fire           34%        2d7       54%         2
 Summon Small Mammal      Summ           28%        N/A       92%         1
 Blink                    Tloc           14%        N/A       98%         2
 Call Canine Familiar     Summ           7%         N/A       100%        3
 Lesser Beckoning         Tloc           7%         N/A       100%        3
 Summon Guardian Golem    Hex/Summ       7%         N/A       100%        3
 Manifold Assault         Tloc           7%         N/A       100%        5


Dungeon Overview and Level Annotations

Branches:
Dungeon (4/15)              Sewer (visited)
 Temple: D:4-7

Altars:
Zin

Shops:
D:1 =   D:4 (


Innate Abilities, Weirdness & Mutations

You have very sharp teeth.
Your uncanny sense of smell can sniff out nearby items.
Your experience applies equally to all skills.


Message History

You hit the wyvern zombie but do no damage.
The wyvern zombie bites you but does no damage.
You hit the wyvern zombie but do no damage.
Your bite misses the wyvern zombie. The wyvern zombie bites you.
The wyvern zombie barely misses you.
You hit the wyvern zombie.
The wyvern zombie is lightly damaged.
The wyvern zombie bites you! The wyvern zombie bites you.
You are too injured to fight recklessly!
You are too injured to fight recklessly!
You are too injured to fight recklessly!
You are too injured to fight recklessly!
You are too injured to fight recklessly!
You hit the wyvern zombie. You bite the wyvern zombie.
The wyvern zombie is lightly damaged.
The wyvern zombie barely misses you.
You hit the wyvern zombie.
The wyvern zombie is lightly damaged.
The wyvern zombie bites you but does no damage.
The wyvern zombie bites you.
You hit the wyvern zombie.
The wyvern zombie is lightly damaged.
The wyvern zombie bites you.
You slash the wyvern zombie!
The wyvern zombie is moderately damaged.
A quokka comes into view.
The wyvern zombie bites you!
* * * LOW HITPOINT WARNING * * *
The wyvern zombie bites you but does no damage.
The quokka moves out of view.
You hit the wyvern zombie.
The wyvern zombie is moderately damaged.
The wyvern zombie bites you!
* * * LOW HITPOINT WARNING * * *
You hit the wyvern zombie. Your bite misses the wyvern zombie.
The wyvern zombie is heavily damaged.
The wyvern zombie bites you.
* * * LOW HITPOINT WARNING * * *
The wyvern zombie bites you!
You die...

..... .. ....... .##
....... ##..# .......
∆....## .....#
###.....##..##
##..............
#..@Z..# ......
#..##..r.......
#..##..##....
###..#........#
#....#.....#..#
#.#.##.#.<.#..###
#####....#.#.)......#
...........#...#.>.##
#####..............#


You could see a wyvern zombie and a quokka.

Vanquished Creatures
  Grinder (D:3)
  A water moccasin (Sewer)
  Ijyb (D:3)
  4 adders (D:2)
  A dart slug (D:1)
  3 orcs (D:2)
  6 ball pythons
  5 endoplasms
  10 giant cockroaches
  6 hobgoblins
  A jackal (Sewer)
  9 quokkas
  6 bats
  6 frilled lizards
  6 goblins
  A kobold (D:3)
  5 rats (D:1)
72 creatures vanquished.

Notes
Turn   | Place    | Note
-------+----------+-------------------------------------------
     0 | D:1      | being54 the Gnoll Cinder Acolyte began the quest for the
                  | Orb.
     0 | D:1      | Reached XP level 1. HP: 23/23 MP: 4/4
   310 | D:1      | Reached XP level 2. HP: 29/29 MP: 5/5
   708 | D:1      | Reached XP level 3. HP: 35/35 MP: 7/7
   866 | D:1      | Found Souk's Jewellery Shoppe.
  1248 | D:2      | Reached skill level 1 in Invocations
  1276 | D:2      | Found a glowing silver altar of Zin.
  1292 | D:2      | Reached skill level 1 in Short Blades
  1292 | D:2      | Reached skill level 1 in Long Blades
  1292 | D:2      | Reached skill level 1 in Axes
  1292 | D:2      | Reached skill level 1 in Maces & Flails
  1292 | D:2      | Reached skill level 1 in Staves
  1292 | D:2      | Reached skill level 1 in Slings
  1292 | D:2      | Reached skill level 1 in Bows
  1292 | D:2      | Reached skill level 1 in Crossbows
  1292 | D:2      | Reached skill level 1 in Throwing
  1292 | D:2      | Reached skill level 1 in Armour
  1292 | D:2      | Reached skill level 1 in Dodging
  1292 | D:2      | Reached skill level 1 in Stealth
  1292 | D:2      | Reached skill level 1 in Shields
  1292 | D:2      | Reached skill level 1 in Unarmed Combat
  1292 | D:2      | Reached skill level 1 in Evocations
  1292 | D:2      | Reached XP level 4. HP: 28/41 MP: 8/8
  1779 | D:2      | You fall into a shaft and drop 2 floors!
  1783 | D:4      | Found Ahepuq's Weapon Emporium.
  1839 | D:3      | Reached skill level 1 in Conjurations
  1839 | D:3      | Reached skill level 1 in Hexes
  1839 | D:3      | Reached skill level 1 in Summonings
  1839 | D:3      | Reached skill level 1 in Necromancy
  1839 | D:3      | Reached skill level 1 in Translocations
  1839 | D:3      | Reached skill level 1 in Transmutations
  1839 | D:3      | Reached skill level 1 in Ice Magic
  1839 | D:3      | Reached skill level 1 in Air Magic
  1839 | D:3      | Reached skill level 1 in Earth Magic
  1839 | D:3      | Reached skill level 1 in Poison Magic
  1864 | D:3      | Found a faded altar of an unknown god.
  1908 | D:3      | Noticed Ijyb
  1944 | D:3      | Killed Ijyb
  1945 | D:3      | Reached XP level 5. HP: 47/47 MP: 9/9
  2054 | D:3      | Found a glowing drain.
  2091 | Sewer    | Entered a sewer
  2143 | Sewer    | Noticed a water moccasin
  2159 | Sewer    | Killed a water moccasin
  2160 | Sewer    | Reached XP level 6. HP: 14/53 MP: 9/11
  2698 | D:3      | Noticed Grinder
  2709 | D:3      | Paralysed by Grinder for 3 turns
  2727 | D:3      | Killed Grinder
  2728 | D:3      | Reached XP level 7. HP: 34/59 MP: 12/12
  3336 | D:4      | HP: 1/59 [wyvern zombie (3)]
  3336 | D:4      | Mangled by a wyvern zombie

Illustrated notes

Levels and vault maps discovered:
D:1:      eino_arrival_cavern_e, layout_basic, serial_shops,
          nicolae_shop_competitors_out_of_business, st_stairs_5,
          minmay_pentomino_u4
D:2:      layout_rooms, basic_altar
D:3:      layout_loops_ring, hellmonk_ecumenical_altar_arch_garden,
          gup_sewer_entry_pipe, uniq_grinder, uniq_ijyb
D:4:      layout_basic, amcnicky_altar_gilded, mainiacjoe_overflow_alcove_2,
          minmay_temple_entry_nine_rooms, serial_shops,
          nicolae_shop_bloodbath_and_beyond, minmay_box_of_dots

Skill      XL: |  1  2  3  4  5  6 |
---------------+-------------------+-----
Invocations    | 1 2 |  2.4
Short Blades   | 1 2 |  2.2
Long Blades    | 1 2 |  2.2
Axes           | 1 2 |  2.2
Maces & Flails | 1 2 |  2.2
Staves         | 1 2 |  2.2
Slings         | 1 2 |  2.2
Bows           | 1 2 |  2.2
Crossbows      | 1 2 |  2.2
Throwing       | 1 2 |  2.2
Armour         | 1 2 |  2.2
Dodging        | 1 2 |  2.2
Stealth        | 1 2 |  2.2
Shields        | 1 2 |  2.2
Unarmed Combat | 1 2 |  2.2
Evocations     | 1 2 |  2.2
Spellcasting   | 3 |  3.6
Conjurations   | 1 |  1.8
Hexes          | 1 |  1.8
Summonings     | 1 |  1.8
Necromancy     | 1 |  1.8
Translocations | 1 |  1.8
Transmutations | 1 |  1.8
Ice Magic      | 1 |  1.8
Air Magic      | 1 |  1.8
Earth Magic    | 1 |  1.8
Poison Magic   | 1 |  1.8
Fighting       | |  6.9
Polearms       | |  6.9
Fire Magic     | |  5.7

Action                   |  1- 3 |  4- 6 |  7- 9 || total
-------------------------+-------+-------+-------++-------
Melee: Spear             |   137 |     6 |       ||   143
       Bite              |    11 |     5 |     1 ||    17
       Hand axe          |       |   115 |    13 ||   128
       Unarmed           |       |    26 |       ||    26
       Punch             |       |     3 |       ||     3
Invok: Fiery Armour      |     1 |       |       ||     1
  Use: Scroll            |     2 |     3 |       ||     5
       Potion            |       |     1 |       ||     1
Armor: Chain mail        |    57 |    69 |     3 ||   129
       Skin              |       |     5 |       ||     5
Dodge: Dodged            |    32 |    46 |     6 ||    84

Table legend: (Time is in decaauts)
 A = Elapsed time spent in this place.
 B = Non-inter-level travel time spent in this place.
 C = Inter-level travel time spent in this place.
 D = Time resting spent in this place.
 E = Time spent auto-exploring this place.
 F = Levels seen in this place.
 G = Mean time per level.
                   A        B        C        D        E       F      G
               +--------+--------+--------+--------+--------+-----+--------+
         Total |   3358 |   2976 |    382 |    484 |   1965 |   5 |  671.6 |
       Dungeon |   2981 |   2599 |    382 |    243 |   1881 |   4 |  745.2 |
         Sewer |    376 |    376 |      0 |    241 |     84 |   1 |  376.0 |
               +--------+--------+--------+--------+--------+-----+--------+

Top non-repeatable levels by time:
     D:1: 1073 daAuts
     D:3: 1042 daAuts
     D:2: 821 daAuts
   Sewer: 376 daAuts
     D:4: 44 daAuts
